 Dungeon Crawl Stone Soup version 0.29.0-11-gd7f09526c8 (webtiles) character file.

Game seed: 12188997246468660482

296 Zeldest the Trooper (level 6, -12/48 HPs)
             Began as a Djinni Chaos Knight on Sept 4, 2022.
             Was a Plaything of Xom.
             Mangled by a wyvern (13 damage)
             ... on level 4 of the Dungeon.
             The game lasted 00:04:46 (3436 turns).

Zeldest the Trooper (Djinni Chaos Knight)           Turns: 3436, Time: 00:04:46

Health: -12/48     AC:  4    Str: 10    XL:     6   Next: 62%
Gold:   271        EV: 16    Int: 15    God:    Xom [...*..] SH:  0 Dex: 16

rFire   + + .      SeeInvis .   C - +2 quarterstaff (chaos)
rCold   . . .      Faith    .   (shield currently unavailable)
rNeg    . . .      Spirit   .   b - +2 leather armour
rPois   ∞          Reflect  .   (no helmet)
rElec   .          Harm     .   B - +0 cloak {Stlth+}
rCorr   .          Rampage  .   (no gloves)
Will    .....                   (boots unavailable)
Stlth   ++........              (no amulet)
HPRegen 0.00/turn               l - +4 ring of evasion
MPRegen 0.00/turn               s - ring of protection from cold

@: flying, inhibited regen
A: sickness immunity, fire resistance 2, cold vulnerability 1, float, innate
caster, HP casting, extra vitality 1, agile 1, deformed body, inhibited
regeneration
a: Renounce Religion


You were on level 4 of the Dungeon.
You worshipped Xom.
You were a favourite toy of Xom.
You visited 1 branch of the dungeon, and saw 4 of its levels.
You also visited: Sewer.

You collected 271 gold pieces.

Inventory:

Hand Weapons
 z - a +0 falchion
 C - a +2 quarterstaff of chaos (weapon)
Missiles
 q - a throwing net
Armour
 b - a +2 leather armour (worn)
 B - a +0 cloak of stealth (worn)
Jewellery
 e - a ring of fire
 l - a +4 ring of evasion (left hand)
 s - a ring of protection from cold (right hand)
 u - a +4 ring of evasion
Wands
 E - a wand of mindburst (3)
Scrolls
 a - a scroll of fog {unknown}
 h - a scroll of vulnerability {unknown}
 j - 2 scrolls of immolation
 m - 5 scrolls of identify {unknown}
 n - 2 scrolls of torment {unknown}
 o - a scroll of poison {unknown}
 r - a scroll of fear {unknown}
 t - a scroll of silence {unknown}
 v - a scroll of magic mapping {unknown}
 w - 2 scrolls of teleportation
 y - a scroll of blinking {unknown}
Potions
 d - a potion of heal wounds {unknown}
 f - a potion of curing
 g - 2 potions of lignification {unknown}
 i - 2 potions of haste {unknown}
 k - a potion of ambrosia {unknown}
 p - 2 potions of mutation {unknown}
 x - a potion of might {unknown}
 A - a potion of cancellation {unknown}
 D - a potion of magic {unknown}
Miscellaneous
 c - a piece from Xom's chessboard (15/15)


   Skills:
 + Level 4.6 Fighting
 - Level 2.6 Long Blades
 - Level 1.0 Armour
 - Level 2.1 Dodging
 * Level 3.6 Spellcasting


You had 9 spell levels left.
You knew the following spells:

 Your Spells              Type           Power      Damage    Failure   Level
a - Necrotise             Necr           52%        1d6       5%          1
b - Scorch                Fire           26%        2d6       9%          2
Your spell library was empty.

Dungeon Overview and Level Annotations

Branches:
Dungeon (4/15)              Sewer (visited)
 Temple: D:4-7

Altars:
Fedhas
Makhleb
Xom
Zin


Innate Abilities, Weirdness & Mutations

You are immune to sickness and miasma.
You are immune to poison.
Your flesh is very heat resistant. (rF++)
You are vulnerable to cold. (rC-)
You float through the air rather than walking.
You learn spells naturally, not from books.
Your magical power is your life essence.
You have superior vitality. (+4 MHP)
You are agile. (Dex +4, Str/Int -1)
Armour fits poorly on your strangely shaped body.
You do not regenerate when monsters are visible.


Message History

The goblin hits you with a +0 dagger.
There are monsters nearby!
You hit the wyvern. You drain the wyvern.
The wyvern is lightly wounded.
The wyvern closely misses you. The goblin barely misses you.
The wyvern bites you!
There are monsters nearby!
The wyvern attacks as you move away! The wyvern bites you!
There is an open door here.
The goblin attacks as you move away! The goblin closely misses you.
The wyvern bites you.
Casting: Scorch (safe; 9% risk of failure)
Press: ? - help, Q - select action, (/) - cycle Dir - look around, f - activate
Okay, then.
Casting: Scorch (safe; 9% risk of failure)
Confirm with . or Enter, or press ? or * to list all spells.
Okay, then.
You hit the wyvern.
The wyvern flickers and vanishes!
Deactivating autopickup; reactivate with Ctrl-A.
Something bites you! Something bites you but does no damage.
Casting: Scorch (safe; 9% risk of failure)
Press: ? - help, Q - select action, (/) - cycle Dir - look around, f - activate Flames lash something.
Something closely misses you.
Casting: Scorch (safe; 9% risk of failure)
Press: ? - help, Q - select action, (/) - cycle Dir - look around, f - activate Flames lash the goblin.
You kill the goblin!
* * * LOW HITPOINT WARNING * * *
Something bites you.
* * * LOW HITPOINT WARNING * * *
Something bites you.
* * * LOW HITPOINT WARNING * * *
Casting: Scorch (safe; 9% risk of failure)
Press: ? - help, Q - select action, (/) - cycle Dir - look around, f - activate Flames lash something.
* * * LOW HITPOINT WARNING * * *
Something bites you!
You die...
Xom cackles wildly!

#.# #.#
######.#########.##
#.### #.#
#............##...#
....# #.#
#.####......[......
....## #.# #.#
#######.##...#
.....# ##.###.#
#######.###...
.....#
#...##.###......###
#.## .....#
#.......#........
... ####.#
#...##.##....8...
#... #.#
######.@{).8.....
#### #.#
####:....8.. #.#
#...8.... #.#####
#........ #.....#
##......# #####.#
######### #.# #.#
#.# #.# #.# #.#


There were no monsters in sight!

Vanquished Creatures
  Crazy Yiuf (D:3)
  A merfolk avatar (Sewer)
  A merfolk siren (Sewer)
  9 adders
  A river rat (Sewer)
  4 dart slugs
  11 orcs
  6 bats
  6 endoplasms
  5 giant cockroaches
  7 goblins
  6 hobgoblins
  4 jackals (D:2)
  4 kobolds
  6 quokkas
  10 ball pythons
  8 frilled lizards
  25 rats
115 creatures vanquished.

Notes
Turn   | Place    | Note
-------+----------+-------------------------------------------
     0 | D:1      | Zeldest the Djinni Chaos Knight began the quest for the
                  | Orb.
     0 | D:1      | Reached XP level 1. HP: 20/20 MP: 0/0
    48 | D:1      | XOM: silly message
    71 | D:1      | Reached XP level 2. HP: 16/25 MP: 0/0
   203 | D:1      | Reached skill level 1 in Spellcasting
   250 | D:1      | XOM: divination: magic mapping
   260 | D:1      | Found a faded altar of an unknown god.
   420 | D:1      | Reached XP level 3. HP: 16/30 MP: 0/0
   420 | D:1      | Learned a level 1 spell: Necrotise
   977 | D:2      | Reached XP level 4. HP: 31/35 MP: 0/0
  1089 | D:2      | XOM: potion effect (might)
  1144 | D:2      | XOM: give mutations
  1144 | D:2      | Gained mutation: You do not regenerate when monsters are
                  | visible. [Xom's mischief]
  1144 | D:2      | Gained mutation: You are agile. (Dex +4, Str/Int -1) [Xom's
                  | mischief]
  1144 | D:2      | Gained mutation: Armour fits poorly on your strangely
                  | shaped body. [Xom's mischief]
  1197 | D:2      | XOM: scenery: create altars
  1408 | D:3      | Found a burning altar of Makhleb.
  1535 | D:3      | Found a glowing drain.
  1540 | D:3      | Reached XP level 5. HP: 41/41 MP: 0/0
  1540 | D:3      | Learned a level 2 spell: Scorch
  1548 | Sewer    | Entered a sewer
  1700 | Sewer    | Reached skill level 4 in Fighting
  1732 | Sewer    | XOM: potion effect (might)
  1976 | Sewer    | XOM: swap monsters
  2224 | Sewer    | Noticed a malarious merfolk avatar
  2229 | Sewer    | Reached XP level 6. HP: 42/47 MP: 0/0
  2459 | D:3      | XOM: scenery: create altars
  2506 | D:3      | XOM: god gift: scroll labelled NOONGY YT YLUO {god gift}
  2825 | D:3      | Found a runed translucent door.
  2826 | D:3      | Noticed Crazy Yiuf
  2832 | D:3      | Killed Crazy Yiuf
  2955 | D:4      | Found a blossoming altar of Fedhas.
  3258 | D:4      | Found a glowing silver altar of Zin.
  3427 | D:4      | Noticed a black bear
  3428 | D:4      | Noticed a wyvern
  3428 | D:4      | a black bear changed into a wyvern
  3428 | D:4      | XOM: polymorph black bear -> wyvern
  3436 | D:4      | Mangled by a wyvern

Illustrated notes

Levels and vault maps discovered:
D:1:      ebering_trefoil_3fold, layout_basic,
          hellmonk_ecumenical_altar_prayer_group
D:2:      layout_rooms
D:3:      layout_basic, lemuel_tele_altar, portal_sewer_entry_d,
          minmay_misc_feat_room, supply_closet_lemuel, uniq_crazy_yiuf_cottage
D:4:      layout_loops_ring, lemuel_crystal_altar, fedhas_altar_3,
          kennysheep_another_room

Skill      XL: |  1  2  3  4  5 |
---------------+----------------+-----
Spellcasting   | 1 2 3 |  3.6
Fighting       | 4 |  4.6
Long Blades    | |  2.6
Armour         | |  1.0
Dodging        | |  2.1

Action                   |  1- 3 |  4- 6 || total
-------------------------+-------+-------++-------
Melee: Falchion          |   115 |   103 ||   218
       Quarterstaff      |       |    20 ||    20
 Cast: Necrotise         |     2 |     4 ||     6
       Scorch            |       |    55 ||    55
Evoke: Piece from Xom's  |       |     1 ||     1
  Use: Potion            |       |     2 ||     2
       Scroll            |       |     1 ||     1
 Stab: Sleeping          |       |     2 ||     2
Armor: Leather armour    |    44 |    42 ||    86
Dodge: Dodged            |    86 |   135 ||   221
